 Dungeon Crawl Stone Soup version 0.23-a0-299-g9a66eeb (webtiles) character file.

1607 epen the Covered (level 8, -4/61 HPs)
             Began as a Demonspawn Wanderer on Oct 6, 2018.
             Was an Initiate of Wu Jian.
             Killed by divine providence
             ... invoked by an orc priest
              (15 damage)
             ... on level 6 of the Dungeon.
             The game lasted 00:11:48 (6555 turns).

epen the Covered (Demonspawn Wanderer)              Turns: 6555, Time: 00:11:49

Health: -4/61      AC: 13    Str: 17    XL:     8   Next: 63%
Magic:  8/8        EV: 11    Int: 17    God:    Wu Jian [......]
Gold:   313        SH:  0    Dex: 11    Spells: 2/7 levels left

rFire    . . .     SeeInvis .     - Unarmed
rCold    . . .     Gourm    .   (no shield)
rNeg     . . .     Faith    .   a - +2 scale mail
rPois    .         Spirit   .   h - +0 hat
rElec    .         Reflect  .   t - +0 cloak
rCorr    .         Harm     .   (no gloves)
MR       .....                  w - +1 pair of boots
Stlth    ..........             (no amulet)
HPRegen  0.20/turn              s - +4 ring of intelligence
MPRegen  0.11/turn              (no ring)

@: no status effects
A: claws 1, spiny 2
a: Renounce Religion


You were on level 6 of the Dungeon.
You worshipped Wu Jian.
Wu Jian was noncommittal.
You were not hungry.

You visited 2 branches of the dungeon, and saw 7 of its levels.

You collected 313 gold pieces.

Inventory:

Hand Weapons
 b - a +0 hand axe
Armour
 a - a +2 scale mail (worn)
 g - a +0 buckler
 h - a +0 hat (worn)
 t - a +0 cloak (worn)
 w - a +1 pair of boots (worn)
Jewellery
 c - an uncursed amulet of magic regeneration {unknown}
 q - an uncursed ring of fire
 s - a +4 ring of intelligence (left claw)
Wands
 k - a wand of polymorph (10)
 p - a wand of flame (37)
 r - a wand of random effects (23)
Scrolls
 e - 5 scrolls of remove curse
 f - 5 scrolls of teleportation
 v - a scroll of enchant armour {unknown}
 y - a scroll of magic mapping
 z - 2 scrolls of amnesia {unknown}
 B - 4 scrolls of identify {unknown}
Potions
 i - a potion of mutation {unknown}
 j - a potion of cancellation {unknown}
 l - a potion of might {unknown}
 m - a potion of curing {unknown}
 n - 2 potions of flight {unknown}
 o - 2 potions of agility {unknown}
 u - a potion of resistance {unknown}
 x - 3 potions of degeneration {unknown}
Comestibles
 d - 5 rations
 A - 5 chunks of flesh


   Skills:
 + Level 4.3 Fighting
 - Level 1.3 Axes
   Level 1.7 Bows
 + Level 5.5 Armour
 + Level 3.8 Dodging
 - Level 1.0 Stealth
 + Level 2.9 Shields
 * Level 5.4 Unarmed Combat
 + Level 2.5 Transmutations


You had 2 spell levels left.
You knew the following spells:

 Your Spells              Type           Power        Failure   Level  Hunger
a - Blade Hands           Tmut           #.........   100%        5    ######.

Your spell library contained the following spells:

 Spells                   Type           Power        Failure   Level  Hunger
 Beastly Appendage        Tmut           #.....       26%         1    ##.....
 Sticks to Snakes         Tmut           #.......     36%         2    ###....
 Spider Form              Tmut/Pois      #.........   78%         3    ####...
 Ice Form                 Ice/Tmut       #.......     99%         4    #####..


Dungeon Overview and Level Annotations

Branches:
Dungeon (6/15)             Temple (1/1) D:4

Altars:
Ashenzari
Cheibriados
Dithmenos
Fedhas
Hepliaklqana
Kikubaaqudgha
Makhleb
Nemelex Xobeh
Okawaru
Qazlal
Ru
Sif Muna
Trog
Uskayaw
Vehumet
Wu Jian
Xom
Yredelemnul
Zin

Shops:
D:5 (

Annotations:
D:5 3 runed doors, Mgcat's ghost, amateur GrVM


Innate Abilities, Weirdness & Mutations

You have sharp fingernails.
You are mostly covered in sharp spines.


Message History

The orc warrior is severely wounded.
The orc warrior hits you but does no damage.
You scratch the orc warrior but do no damage.
The orc warrior is severely wounded.
The orc priest looks encouraged for a moment.
The orc warrior hits you but does no damage.
Okay, then.
The orc priest looks satisfied for a moment.
The orc priest calls upon Beogh to heal the orc warrior.
The orc warrior is healed somewhat.
The orc priest looks braver for a moment.
The orc priest mumbles some strange prayers to Beogh against you.
Beogh smites you!
* * * LOW HITPOINT WARNING * * *
The orc priest begins to cast a cantrip, but forgets the words!
You see here 24 bolts.
There is a stone staircase leading down here.
The orc priest calls down the wrath of Beogh upon you.
Beogh smites you!
You die...

#####.# #..# #.... #.# #..#
###.#.o #.## #..# #......
#..# #..# #.#.... ##.#
#..####.#....
#.##############..o.........
#.#.........................
#.......###.o.....######....
#.).)...###@####..# #....
#...........# #..# ##...
########.#### #..# ##..
######.#######..# ###
#......#........#
#........####..##
#......####...##
######(.......# #......>.#
#####


You could see an orc warrior and an orc priest.

Vanquished Creatures
  Grinder (D:5)
  Sigmund (D:5)
  3 ogres
  2 centaurs
  2 bullfrogs (D:6)
  3 scorpions
  2 crimson imps (D:6)
  A bullfrog zombie (D:6)
  A quasit (D:6)
  2 hounds
  2 orc wizards (D:4)
  A bullfrog skeleton (D:5)
  A worker ant (D:5)
  A hound zombie (D:4)
  A worker ant zombie (D:5)
  Robin (D:2)
  10 adders
  A shadow imp (D:5)
  4 oozes
  An adder skeleton (D:4)
  An adder zombie (D:6)
  6 worms
  A dart slug (D:5)
  4 leopard geckos
  4 orcs
  4 giant cockroaches
  10 goblins (D:2)
  12 hobgoblins
  8 jackals
  2 quokkas
  A ball python (D:5)
  10 bats
  8 frilled lizards
  8 kobolds
  A leopard gecko skeleton (D:4)
  6 rats
127 creatures vanquished.

Vanquished Creatures (others)
  7 fungi (D:5)
  2 plants (D:5)
9 creatures vanquished.

Grand Total: 136 creatures vanquished

Notes
Turn   | Place    | Note
-------+----------+-------------------------------------------
     0 | D:1      | epen the Demonspawn Wanderer began the quest for the Orb.
     0 | D:1      | epen set off with: a +2 scale mail, a +0 hand axe, a potion
                  | of lignification, a ration
     0 | D:1      | Reached XP level 1. HP: 15/15 MP: 1/1
     2 | D:1      | Noticed an octopode
     2 | D:1      | Noticed a gargoyle
     4 | D:1      | Noticed a centaur
     4 | D:1      | Noticed a naga
     6 | D:1      | Noticed a demigod
     8 | D:1      | Noticed a merfolk
     8 | D:1      | Noticed a ghoul
    10 | D:1      | Noticed a vine stalker
    10 | D:1      | Noticed a spriggan
    12 | D:1      | Noticed a formicid
    12 | D:1      | Noticed a vampire
    14 | D:1      | Noticed a draconian
    14 | D:1      | Noticed a troll
    18 | D:1      | Noticed an elf
    18 | D:1      | Noticed a minotaur
    20 | D:1      | Noticed a tengu
    20 | D:1      | Noticed a human
    22 | D:1      | Noticed a halfling
    24 | D:1      | Noticed a felid
    24 | D:1      | Noticed a demonspawn
    26 | D:1      | Noticed an ogre
    26 | D:1      | Noticed a dwarf
   467 | D:1      | Gained mutation: You have sharp fingernails. [demonic
                  | ancestry]
   467 | D:1      | Reached XP level 2. HP: 21/21 MP: 2/2
  1264 | D:2      | Reached skill level 1 in Unarmed Combat
  1264 | D:2      | Gained mutation: You are partially covered in sharp spines.
                  | [demonic ancestry]
  1264 | D:2      | Reached XP level 3. HP: 26/26 MP: 3/3
  1268 | D:2      | Reached skill level 1 in Dodging
  1431 | D:2      | Reached XP level 4. HP: 23/33 MP: 4/4
  1600 | D:2      | Noticed Robin
  2074 | D:2      | Killed Robin
  2610 | D:3      | Reached XP level 5. HP: 36/38 MP: 5/5
  2674 | D:3      | Found a burning altar of Makhleb.
  2674 | D:3      | Found a deep blue altar of Sif Muna.
  2739 | D:3      | Noticed a moth of wrath
  2742 | D:3      | Found a bloodstained altar of Trog.
  3192 | D:4      | Noticed a centaur
  3203 | D:4      | Killed a centaur
  3347 | D:4      | Reached XP level 6. HP: 45/46 MP: 6/6
  4012 | D:4      | Found a staircase to the Ecumenical Temple.
  4032 | Temple   | Entered the Ecumenical Temple
  4239 | Temple   | Became a worshipper of the Wu Jian Council
  4355 | D:4      | Found an iron altar of Okawaru.
  4452 | D:4      | Found a shattered altar of Ashenzari.
  4518 | D:5      | Entered Level 5 of the Dungeon
  4536 | D:5      | Found Siliwk's Weapon Emporium.
  4565 | D:5      | Noticed Grinder
  4597 | D:4      | Learned a level 5 spell: Blade Hands
  4680 | D:5      | Noticed Sigmund
  4736 | D:4      | Gained mutation: You are mostly covered in sharp spines.
                  | [demonic ancestry]
  4736 | D:4      | Reached XP level 7. HP: 51/52 MP: 7/7
  5141 | D:5      | Found an ancient bone altar of Kikubaaqudgha.
  5279 | D:5      | Reached skill level 1 in Transmutations
  5514 | D:5      | Killed Sigmund
  5514 | D:5      | Reached skill level 5 in Armour
  5628 | D:5      | Paralysed by Grinder for 6 turns
  5636 | D:5      | Killed Grinder
  5636 | D:5      | Reached XP level 8. HP: 26/60 MP: 8/8
  5808 | D:5      | epen: ??wu jian
  5808 | D:5      | beem: wu jian[1/7]: WJC is a god based on mobile melee
                  | combat, offering strong incentives to fight groups of
                  | enemies in the open. It provides melee characters with a
                  | strong but relatively flat power increase in the form of
                  | special attacks triggered by moving, and offers effective
                  | positioning tools to hybrids and ranged characters.
  5828 | D:5      | Found a runed gate.
  5829 | D:5      | Noticed Mgcat's ghost (amateur GrVM)
  5830 | D:5      | Found a runed gate.
  5830 | D:5      | Found a runed gate.
  6170 | D:6      | Reached skill level 5 in Unarmed Combat
  6555 | D:6      | Killed from afar by an orc priest

Vault maps used:
D:1:      kb_arrival_jail
D:2:      first_ration, st_stairs_2, minmay_pentomino_u4, uniq_robin
D:3:      tgw_trog, gammafunk_temple_overflow_elements, minmay_misc_feat_square
D:4:      lemuel_crystal_altar, minmay_temple_entry_poolview,
          corexii_leaking_fountain, minmay_strange_pillars,
          corexii_corridor_pit, kennysheep_okawaru_gauntlet
D:5:      gammafunk_ghost_nasty_kobolds, serial_aquarium,
          aquarium_bridge_square, aquarium_window_2, aquarium_window_1,
          aquarium_window_corner, aquarium_window_fake, aquarium_view_2c,
          aquarium_view_2b, aquarium_balcony_5b, serial_shops,
          nicolae_shop_trees, minmay_ruined_shrine, uniq_sigmund, uniq_grinder
Temple:   dpeg_chambers_temple

Skill      XL: |  1  2  3  4  5  6  7  8 |
---------------+-------------------------+-----
Unarmed Combat | 1 2 3 4 5 |  5.4
Dodging        | 1 2 3 |  3.8
Armour         | 4 5 |  5.5
Fighting       | 2 3 4 |  4.3
Transmutations | 2 |  2.5
Shields        | 2 |  2.9
Axes           | |  1.3
Bows           | |  1.7
Stealth        | |  1.0

Action                   |  1- 3 |  4- 6 |  7- 9 || total
-------------------------+-------+-------+-------++-------
Melee: Hand axe          |    30 |       |       ||    30
       Unarmed           |    79 |   192 |   106 ||   377
       Punch             |     1 |     2 |       ||     3
Invok: Lunge             |       |     3 |     7 ||    10
  Use: Potion            |     2 |     1 |     1 ||     4
       Scroll            |       |     3 |       ||     3
  Eat: Chunk             |     1 |     4 |     3 ||     8
       Ration            |       |     2 |     1 ||     3
Armor: Scale mail        |    75 |    56 |    67 ||   198
       Skin              |     2 |       |       ||     2
Dodge: Dodged            |    65 |    83 |    68 ||   216

Table legend:
 A = Non-vault XP
 B = Vault XP
 C = Vault XP percentage of total XP
 D = Non-vault monster count
 E = Vault monster count
 F = Vault count percentage of total count
                 A         B        C        D         E       F
            +---------+---------+-------+---------+---------+-------
      Total |    1634 |     663 |  28.9 |      98 |      29 |  22.8
            +---------+---------+-------+---------+---------+-------
        D:1 |      20 |       0 |   0.0 |      14 |       0 |   0.0
        D:2 |     100 |      52 |  34.2 |      26 |      16 |  38.1
        D:3 |      59 |      17 |  22.4 |      22 |       5 |  18.5
        D:4 |     547 |       1 |   0.2 |      16 |       1 |   5.9
        D:5 |     284 |     593 |  67.6 |       7 |       7 |  50.0
        D:6 |     624 |       0 |   0.0 |      13 |       0 |   0.0
            +---------+---------+-------+---------+---------+-------
